 Dungeon Crawl Stone Soup version 0.30-a0-305-g026cb31310 (webtiles) character file.

Game seed: 5394671658942448029

41087 garrulousMonolith the Geomancer (level 14, 0/87 HPs)
             Began as a Gargoyle Earth Elementalist on Oct 22, 2022.
             Was a High Priest of Sif Muna.
             Slain by a spriggan rider
             ... wielding a +0 spear
              (15 damage)
             ... on level 5 of the Lair of Beasts.
             The game lasted 00:31:48 (18159 turns).

garrulousMonolith the Geomancer (GrEE)             Turns: 18159, Time: 00:31:48

Health: 0/87       AC: 23    Str: 12    XL:     14   Next: 13%
Magic:  5/26       EV: 11    Int: 24    God:    Sif Muna [*****.]
Gold:   971        SH:  0    Dex: 16    Spells: 6/30 levels left

rFire   + . .      SeeInvis .    g - +6 demon trident (elec)
rCold   . . .      Faith    +    (no shield)
rNeg    + . .      Spirit   .    L - +5 leather armour of Insecurity {rF+ Will++ Regen+ Int-3}
rPois   ∞          Reflect  .    (no helmet)
rElec   +          Harm     .    F - scarf {repulsion}
rCorr   .          Rampage  .    D - +2 pair of gloves
Will    +++..                    (no boots)
Stlth   +++.......               f - amulet of faith
HPRegen 1.14/turn                B - +6 ring of intelligence
MPRegen 0.20/turn                o - ring of Kasheps {rPois Dex+6 Stlth+}

@: flying, repel missiles
A: sickness immunity, AC +10, big wings, negative energy resistance 1,
electricity resistance, torment resistance 1, petrification resistance
a: Renounce Religion, Channel Magic, Forget Spell, Divine Exegesis


You were on level 5 of the Lair of Beasts.
You worshipped Sif Muna.
Sif Muna was extremely pleased with you.
You visited 3 branches of the dungeon, and saw 16 of its levels.
You also visited: Bailey.

You collected 1532 gold pieces.
You spent 561 gold pieces at shops.

Inventory:

Hand Weapons
 a - the +9 whip "Undertaker" {flame, MP+9}
   (You found it on level 3 of the Dungeon)

   It burns those it strikes, dealing additional fire damage.
   MP:        It affects your magic capacity (+9).
 b - a +0 sling
 g - a +6 demon trident of electrocution (weapon)
 q - a +3 vorpal dagger
Missiles
 e - 6 throwing nets (quivered)
 G - 18 poisoned darts
 I - 7 javelins
Armour
 r - a +0 kite shield
 x - a +0 troll leather armour
 D - a +2 pair of gloves (worn)
 F - a scarf of repulsion (worn)
 L - the +5 leather armour of Insecurity (worn) {rF+ Will++ Regen+ Int-3}
   (You took it off an orc on level 9 of the Dungeon)

   Int:       It affects your intelligence (-3).
   rF:        It protects you from fire.
   Regen:     It increases your rate of health regeneration.
   Will:      It greatly increases your willpower.
Magical Staves
 w - a staff of earth
Jewellery
 f - an amulet of faith (around neck)
 m - a +4 ring of protection
 n - a +6 ring of dexterity
 o - the ring of Kasheps (right hand) {rPois Dex+6 Stlth+}
   (You found it on level 3 of the Dungeon)

   [ring of dexterity]

   Dex:       It affects your dexterity (+6).
   rPois:     It protects you from poison.
   Stlth:     It makes you more stealthy.
 p - a ring of magical power
 t - an amulet of regeneration
 z - a ring of positive energy
 B - a +6 ring of intelligence (left hand)
 C - a ring of wizardry
 H - a +4 ring of evasion
 S - a ring of positive energy
 T - a ring of flight
 U - an amulet of reflection
Wands
 y - a wand of paralysis (8)
 E - a wand of roots (2)
 Q - a wand of flame (6)
Scrolls
 c - a scroll of torment {unknown}
 d - a scroll of poison
 h - a scroll of butterflies {unknown}
 k - 9 scrolls of teleportation
 v - 2 scrolls of immolation
 M - 2 scrolls of fear
 O - 2 scrolls of enchant armour
 P - a scroll of brand weapon
 R - a scroll of identify
 W - a scroll of blinking
Potions
 i - a potion of magic
 j - 3 potions of attraction
 l - 2 potions of flight
 u - a potion of cancellation
 A - 7 potions of brilliance
 J - a potion of lignification
 K - 3 potions of might
 N - a potion of resistance
 V - a potion of ambrosia


   Skills:
 + Level 9.8 Fighting
 * Level 3.0 Polearms
 + Level 9.9 Armour
 - Level 1.5 Dodging
 - Level 2.1 Stealth
 + Level 9.5 Shields
 + Level 8.5 Spellcasting
 - Level 12.0 Conjurations
 - Level 1.0 Transmutations
 - Level 12.0 Earth Magic
 + Level 8.3 Invocations


You had 6 spell levels left.
You knew the following spells:

 Your Spells              Type           Power      Damage    Failure   Level
a - Sandblast             Erth           100%       2d20      1%          1
b - Stone Arrow           Conj/Erth      100%       3d13      1%          3
c - Passwall              Tmut/Erth      34%        N/A       1%          2
d - Lee's Rapid Deconstr  Erth           30%        3d16*     1%          5
e - Blink                 Tloc           20%        N/A       12%         2
f - Sticky Flame          Conj/Fire      39%        2d6       6%          4
g - Petrify               Tmut/Erth      41%        N/A       5%          4
h - Mephitic Cloud        Conj/Pois/Air  29%        N/A       4%          3

Your spell library contained the following spells:

 Spells                   Type           Power      Damage    Failure   Level
 Magic Dart               Conj           100%       1d8       1%          1
 Searing Ray              Conj           100%       2d8       1%          2
 Static Discharge         Conj/Air       78%        2-6/arc   1%          2
 Dazzling Flash           Conj/Hex       78%        N/A       1%          3
 Beastly Appendage        Tmut           30%        N/A       4%          1
 Flame Wave               Conj/Fire      39%        2d11      6%          4
 Fulminant Prism          Conj/Hex       19%        3d11      6%          4
 Iskenderun's Mystic Bla  Conj/Tloc      39%        2d9       6%          4
 Wereblood                Tmut           15%        N/A       8%          2
 Irradiate                Conj/Tmut      20%        3d18      14%         5
 Spider Form              Tmut/Pois      12%        N/A       19%         3
 Arcjolt                  Conj/Air       19%        1d29      19%         5
 Lightning Bolt           Conj/Air       19%        1d34      19%         5
 Ignite Poison            Fire/Tmut/Pois 11%        N/A       21%         3
 Inner Flame              Hex/Fire       10%        N/A       22%         3
 Kindle Blastsparks       Fire/Tloc/Air  20%        2d11      22%         3
 Lesser Beckoning         Tloc           20%        N/A       22%         3
 Ozocubu's Armour         Ice            10%        N/A       22%         3
 Portal Projectile        Hex/Tloc       20%        N/A       22%         3
 Vampiric Draining        Necr           10%        2d6       22%         3
 Vhi's Electric Charge    Tloc/Air       20%        N/A       22%         3
 Manifold Assault         Tloc           10%        N/A       58%         4
 Passage of Golubria      Tloc           10%        N/A       58%         4
 Metabolic Englaciation   Hex/Ice        5%         N/A       91%         5
 Silence                  Hex/Air        5%         N/A       91%         5
 Summon Forest            Summ/Tloc      5%         N/A       91%         5
 Summon Mana Viper        Hex/Summ       10%        N/A       91%         5
 Simulacrum               Ice/Necr       5%         N/A       100%        6
 Summon Cactus Giant      Summ           5%         N/A       100%        6
 Lehudib's Crystal Spear  Conj/Erth      30%        10d8      98%         8
 Storm Form               Tmut/Air       6%         N/A       100%        7
 Ignition                 Fire           5%         3d4       100%        8


Dungeon Overview and Level Annotations

Branches:
Dungeon (10/15)            Temple (1/1) D:7            Lair (5/5) D:8
 Shoals (0/4) Lair:2        Snake (0/4) Lair:3        Slime (0/5) Lair:4
    Orc (0/2) D:9          Bailey (visited)

Altars:
Ashenzari
Cheibriados
Dithmenos
Elyvilon
Fedhas
Gozag
Hepliaklqana
Kikubaaqudgha
Makhleb
Nemelex Xobeh
Okawaru
Qazlal
Ru
Sif Muna
Trog
Uskayaw
Vehumet
Wu Jian
Xom
Yredelemnul
Zin
The Shining One
Jiyva

Shops:
D:4 *   D:5 ?   D:7 :


Innate Abilities, Weirdness & Mutations

You are immune to sickness and miasma.
Your stone body is resilient. (AC +10)
You are immune to poison.
Your large and strong wings let you fly.
You resist negative energy. (rN+)
You are resistant to electric shocks. (rElec)
You are resistant to unholy torment.
You are immune to petrification.


Message History

The five-headed hydra bites you but does no damage.
The five-headed hydra barely misses you.
The spriggan rider hits you from afar with a +0 spear.
Casting: Sandblast (safe; 1% risk of failure)
Confirm with . or Enter, or press ? or * to list all spells.
Aiming: Sandblast (safe; 1% risk of failure)
Press: ? - help, Shift-Dir - straight line, f/p - wolf
Aim: a wolf (severely wounded, 76% to hit)
The blast of sand misses the wolf.
The wolf barely misses you. x2
The spriggan rider hits you from afar with a +0 spear!
The five-headed hydra barely misses you. x2
The five-headed hydra bites you but does no damage. x2
The five-headed hydra barely misses you.
The wolf barely misses you.
Casting: Sandblast (safe; 1% risk of failure)
Confirm with . or Enter, or press ? or * to list all spells.
Aiming: Sandblast (safe; 1% risk of failure)
Press: ? - help, Shift-Dir - straight line, f/p - wolf
Aim: a wolf (severely wounded, 76% to hit)
The blast of sand misses the wolf.
The wolf bites you but does no damage.
The spriggan rider hits you from afar with a +0 spear!
The five-headed hydra bites you but does no damage. x2
The five-headed hydra bites you!
The five-headed hydra barely misses you.
The five-headed hydra bites you but does no damage.
The wolf barely misses you.
The spriggan rider hits you from afar with a +0 spear!
The five-headed hydra bites you but does no damage.
The five-headed hydra bites you.
* * * LOW HITPOINT WARNING * * *
The five-headed hydra bites you but does no damage.
The five-headed hydra bites you!
* * * LOW HITPOINT WARNING * * *
The five-headed hydra bites you but does no damage.
As you read the scroll of fear, it crumbles to dust.
You assume a fearsome visage.
The spriggan rider resists with almost no effort.
The wolf looks frightened!
The five-headed hydra looks frightened!
The spriggan rider hits you from afar with a +0 spear!
You die...

#...######.#.# #...# #..#...#
#.Y####.#P.P.####...###...#..##
#...#......P..##..............#
#...DS.........................
#...#..##..............#...♣♣..
##..##.###...##.#..#.P#..♣♣♣♣♣♣
#...#####.............♣♣♣♣
#...#. ##.........P##♣ ##...#
###h..@.#...♣ P.. #....D.....♣♣
##P. ##...i.....♣ #....(...♣♣♣
###.÷....♣ #.......♣
..........♣ ..........♣
..........♣


You could see a five-headed hydra (fleeing), a spriggan rider and a wolf
(fleeing).

Vanquished Creatures
  3 hydras
  A two-headed ogre (D:9)
  Urug (Lair:3)
  A fire crab (Lair:4)
  A lindwurm (Lair:4)
  18 elephants
  2 merfolk sirens (Lair:2)
  9 black mambas
  A gargoyle (D:10)
  5 cane toads
  6 rime drakes
  An unseen horror (D:8)
  7 komodo dragons
  3 trolls
  Grinder (D:6)
  2 polar bears
  27 blink frogs
  A merfolk (Lair:2)
  A hornet (D:9)
  Prince Ribbit (D:9)
  A wraith (D:10)
  A spriggan (Lair:5)
  A vampire (D:9)
  A shadow (D:10)
  38 yaks
  2 wyverns
  Grum (D:8)
  A basilisk (Lair:3)
  2 wargs
  2 acid dragons (D:10)
  14 water moccasins
  A sky beast (D:6)
  2 orc warriors
  3 black bears
  2 ogres
  20 wolves
  A centaur (D:6)
  2 phantoms (D:5)
  2 kobold brigands
  9 bullfrogs
  4 necrophages
  9 gnoll sergeants (Bailey)
  A scorpion (D:5)
  10 wights
  2 electric eels (Lair:2)
  A lava snake (D:8)
  4 hounds
  8 jellies
  6 gnoll boudas (Bailey)
  7 orc priests
  2 iguanas
  4 orc wizards
  10 gnolls (Bailey)
  5 adders
  3 worms
  A dart slug (D:2)
  29 orcs
  9 endoplasms
  7 giant cockroaches
  4 hobgoblins
  9 quokkas
  9 ball pythons
  6 bats
  16 goblins
  15 kobolds
  6 rats
385 creatures vanquished.

Vanquished Creatures (collateral kills)
  3 elephants (Lair:1)
  A water moccasin (Lair:1)
  A bullfrog (Lair:4)
5 creatures vanquished.

Vanquished Creatures (others)
  Nessos (Lair:4)
  A bullfrog (Lair:4)
  20 fungi
  32 plants
  4 toadstools (D:1)
58 creatures vanquished.

Grand Total: 448 creatures vanquished

Notes
Turn   | Place    | Note
-------+----------+-------------------------------------------
     0 | D:1      | garrulousMonolith the Gargoyle Earth Elementalist began the
                  | quest for the Orb.
     0 | D:1      | Reached XP level 1. HP: 10/10 MP: 3/3
   113 | D:1      | Reached XP level 2. HP: 16/16 MP: 0/5
   345 | D:1      | Reached skill level 1 in Transmutations
   950 | D:2      | Reached XP level 3. HP: 20/20 MP: 3/6
   983 | D:2      | Reached skill level 1 in Conjurations
  1117 | D:2      | Reached skill level 1 in Fighting
  1148 | D:2      | Reached skill level 1 in Armour
  1277 | D:2      | Learned a level 3 spell: Stone Arrow
  1280 | D:2      | Learned a level 2 spell: Passwall
  1460 | D:2      | Found a faded altar of an unknown god.
  1460 | D:2      | Noticed a soul eater
  1481 | D:2      | Reached XP level 4. HP: 25/25 MP: 4/7
  1639 | D:3      | Noticed a black bear
  1646 | D:3      | Killed a black bear
  1647 | D:3      | Reached skill level 5 in Earth Magic
  1647 | D:3      | Reached XP level 5. HP: 22/30 MP: 2/9
  1748 | D:3      | Identified the ring of Kasheps {rPois Dex+6 Stlth+}
  2196 | D:3      | Identified the +9 whip "Undertaker" {flame, MP+9}
  2698 | D:4      | Reached XP level 6. HP: 33/35 MP: 10/10
  2974 | D:4      | Found Foggagusch's General Store.
  2980 | D:4      | Bought a scroll of magic mapping for 82 gold pieces
  3175 | D:5      | Entered Level 5 of the Dungeon
  3213 | D:5      | Found Iroroall's Magic Scroll Emporium.
  3222 | D:5      | Bought a scroll of teleportation for 39 gold pieces
  3256 | D:5      | Reached skill level 1 in Shields
  3302 | D:5      | Reached XP level 7. HP: 40/40 MP: 11/11
  4087 | D:6      | Reached XP level 8. HP: 46/46 MP: 13/13
  4170 | D:6      | Noticed Grinder
  4175 | D:6      | Paralysed by Grinder for 4 turns
  4183 | D:6      | Killed Grinder
  4385 | D:6      | Found a broken altar of Ashenzari.
  4406 | D:6      | Found a blossoming altar of Fedhas.
  4406 | D:6      | Found an opulent altar of Gozag.
  4418 | D:6      | Reached skill level 5 in Conjurations
  4553 | D:6      | Found an ornate altar of the Wu Jian Council.
  4618 | D:6      | Found an ancient bone altar of Kikubaaqudgha.
  4664 | D:6      | Found a sacrificial altar of Ru.
  4762 | D:6      | Learned a level 4 spell: Petrify
  4765 | D:6      | Learned a level 2 spell: Blink
  5011 | D:7      | Found Puto Fus's Book Emporium.
  5045 | D:7      | Found a flagged portal.
  5097 | Bailey   | Entered a bailey
  5100 | Bailey   | Reached XP level 9. HP: 52/52 MP: 15/15
  5932 | Bailey   | Got the Folio of Blasting and Execration
  6020 | Bailey   | Learned a level 4 spell: Sticky Flame
  6279 | D:7      | Found a staircase to the Ecumenical Temple.
  6293 | Temple   | Entered the Ecumenical Temple
  6347 | Temple   | Became a worshipper of Sif Muna the Loreminder
  6783 | D:7      | Bought a book of Blasting for 440 gold pieces
  6818 | D:8      | Reached skill level 5 in Fighting
  6836 | D:7      | Reached skill level 5 in Armour
  6971 | D:7      | Reached skill level 1 in Invocations
  6971 | D:7      | Reached XP level 10. HP: 51/59 MP: 7/17
  7096 | D:8      | Found a staircase to the Lair.
  7241 | D:8      | Noticed Grum
  7352 | D:8      | Killed Grum
  7353 | D:8      | Reached skill level 5 in Spellcasting
  7377 | D:8      | Reached skill level 5 in Shields
  7705 | D:8      | Killed an unseen horror
  7742 | D:8      | Found a hide-covered altar of Uskayaw.
  7852 | D:8      | Reached * piety under Sif Muna
  8028 | D:8      | Reached skill level 10 in Earth Magic
  8359 | D:9      | Noticed a two-headed ogre
  8362 | D:9      | Killed a two-headed ogre
  8577 | D:9      | Found a staircase to the Orcish Mines.
  8816 | D:9      | Reached XP level 11. HP: 64/64 MP: 17/19
  8981 | D:9      | Noticed Prince Ribbit
  8987 | D:9      | Killed Prince Ribbit
  9059 | D:9      | Reached ** piety under Sif Muna
  9062 | D:9      | Identified the +5 leather armour of Insecurity {rF+ Will++
                  | Regen+ Int-3}
  9287 | D:9      | Learned a level 5 spell: Lee's Rapid Deconstruction
  9604 | D:10     | Entered Level 10 of the Dungeon
 10573 | Lair:1   | Entered Level 1 of the Lair of Beasts
 10632 | Lair:1   | Reached *** piety under Sif Muna
 10795 | Lair:1   | Reached skill level 10 in Conjurations
 10833 | Lair:1   | Reached XP level 12. HP: 72/72 MP: 0/21
 11041 | Lair:1   | Reached skill level 5 in Invocations
 12521 | Lair:2   | Reached **** piety under Sif Muna
 12760 | Lair:2   | Found a staircase to the Shoals.
 13264 | Lair:2   | Noticed a six-headed hydra
 13268 | Lair:2   | Killed a six-headed hydra
 13761 | Lair:3   | Noticed Urug
 13775 | Lair:3   | Killed Urug
 13776 | Lair:3   | Reached XP level 13. HP: 78/78 MP: 7/23
 14357 | Lair:3   | Found a staircase to the Snake Pit.
 15657 | Lair:4   | Found a staircase to the Slime Pits.
 15658 | Lair:4   | Found a viscous altar of Jiyva.
 15672 | Lair:4   | Noticed Nessos
 15682 | Lair:4   | HP: 4/80 [Nessos/arrow (2)]
 15683 | Lair:4   | Killed Nessos
 16153 | Lair:4   | Reached ***** piety under Sif Muna
 17042 | Lair:4   | Received a gift from Sif Muna
 17050 | Lair:4   | Got Sif Muna's Willworking Continued {god gift}
 17056 | Lair:4   | Learned a level 3 spell: Mephitic Cloud
 17119 | Lair:4   | Reached skill level 1 in Polearms
 17707 | Lair:5   | Entered Level 5 of the Lair of Beasts
 17741 | Lair:5   | Gained mutation: Your large and strong wings let you fly.
                  | [Gargoyle growth]
 17741 | Lair:5   | Reached XP level 14. HP: 78/86 MP: 8/26
 18159 | Lair:5   | Slain by a spriggan rider

Illustrated notes

Levels and vault maps discovered:
D:1:      ldierk_walled_garden_2, layout_basic, nicolae_titane
D:2:      layout_rooms, dreamdust_ecumenical_altar_sealed_demon
D:3:      layout_loops_ring
D:4:      layout_basic, serial_shops, shop
D:5:      layout_basic, serial_shops, shop, grunt_ministairs_3, chequers_avenue
D:6:      layout_rooms, minitemple, hangedman_feature_mirror, uniq_grinder
D:7:      layout_gridville, minmay_temple_entry_large_hall, serial_shops,
          nicolae_lakefront_shop, enter_bailey_5, chequers_jeans
D:8:      layout_rooms, nicolae_uskayaw_suspiria, erik_lair_orcish_takeover,
          kennysheep_nub, uniq_grum
D:9:      layout_roguey, hiddenorc1_lemuel, hex_tiny, uniq_prince_ribbit1
D:10:     layout_long_grid
Temple:   minmay_crystal_spiral_temple
Lair:1:   layout_cellular_growth, enter_volcano_2, lemuel_fruit_fields
Lair:2:   layout_misc_corridors, elwin_shoals_entry_rooms
Lair:3:   layout_big_grid, minmay_snake_entry_six_corridors, wad_woods_road_04,
          grunt_megastairs_1, uniq_urug
Lair:4:   layout_cave_pods, nicolae_slime_entry_slimehenge, grunt_megastairs_4,
          uniq_nessos
Lair:5:   minmay_lair_end_enchanted_forest, layout_small_grid

Skill      XL: |  1  2  3  4  5  6  7  8  9 10 11 12 13 14 |
---------------+-------------------------------------------+-----
Transmutations | 1 |  1.0
Earth Magic    | 4 5 6 7 9 10 11 12 | 12.0
Conjurations   | 1 2 3 4 5 7 8 10 11 12 | 12.0
Fighting       | 1 2 3 4 5 6 7 8 9 |  9.8
Armour         | 1 2 3 4 5 6 7 8 9 |  9.9
Shields        | 1 2 3 4 5 6 7 9 |  9.5
Spellcasting   | 3 4 5 6 7 8 |  8.5
Invocations    | 1 3 4 6 8 |  8.3
Polearms       | 2 3 |  3.0
Dodging        | |  1.5
Stealth        | |  2.1

Action                   |  1- 3 |  4- 6 |  7- 9 | 10-12 | 13-15 || total
-------------------------+-------+-------+-------+-------+-------++-------
Melee: Short sword       |    10 |       |       |       |       ||    10
       Unarmed           |     1 |       |       |       |       ||     1
       Dagger            |    10 |     6 |       |       |       ||    16
       Whip              |       |    11 |     7 |    54 |       ||    72
       Staff             |       |       |     5 |    26 |       ||    31
       Punch             |       |       |     1 |     1 |     2 ||     4
       Morningstar       |       |       |       |    36 |       ||    36
       Demon trident     |       |       |       |       |   102 ||   102
 Cast: Sandblast         |    56 |    53 |   106 |   101 |    74 ||   390
       Stone Arrow       |       |       |    64 |   159 |   141 ||   364
       Lee's Rapid Decon |       |       |       |     6 |     6 ||    12
       Sticky Flame      |       |       |       |     4 |     2 ||     6
       Blink             |       |       |       |       |     2 ||     2
       Passwall          |       |       |       |       |     1 ||     1
       Mephitic Cloud    |       |       |       |       |     1 ||     1
Invok: Channel Magic     |       |       |       |       |     2 ||     2
Evoke: Wand              |       |       |     1 |       |     4 ||     5
  Use: Scroll            |       |     8 |    13 |     9 |     5 ||    35
       Potion            |       |       |     5 |     3 |     3 ||    11
 Stab: Sleeping          |     2 |       |       |       |       ||     2
       Distracted        |       |       |       |     1 |       ||     1
Armor: Robe              |    21 |       |       |       |       ||    21
       Leather armour    |     5 |    12 |    65 |   178 |   266 ||   526
       Troll leather arm |       |       |       |     7 |       ||     7
       Skin              |       |       |       |       |    13 ||    13
Dodge: Dodged            |    37 |    22 |   108 |   180 |   229 ||   576
       Repelled          |       |       |       |     4 |       ||     4

Table legend: (Time is in decaauts)
 A = Elapsed time spent in this place.
 B = Non-inter-level travel time spent in this place.
 C = Inter-level travel time spent in this place.
 D = Time resting spent in this place.
 E = Time spent auto-exploring this place.
 F = Levels seen in this place.
 G = Mean time per level.
                   A        B        C        D        E       F      G
               +--------+--------+--------+--------+--------+-----+--------+
         Total |  18429 |  17879 |    550 |   3581 |  11081 |  17 | 1084.1 |
       Dungeon |   9527 |   9203 |    324 |   1660 |   6040 |  10 |  952.7 |
        Temple |    213 |    129 |     84 |      0 |    111 |   1 |  213.0 |
          Lair |   7718 |   7576 |    142 |   1399 |   4729 |   5 | 1543.6 |
        Bailey |    969 |    969 |      0 |    522 |    201 |   1 |  969.0 |
               +--------+--------+--------+--------+--------+-----+--------+

Top non-repeatable levels by time:
  Lair:4: 2194 daAuts
  Lair:3: 1826 daAuts
  Lair:1: 1729 daAuts
  Lair:2: 1498 daAuts
     D:9: 1301 daAuts
     D:8: 1281 daAuts
  Bailey: 969 daAuts
     D:7: 962 daAuts
     D:1: 959 daAuts
    D:10: 948 daAuts
     D:6: 913 daAuts
     D:5: 894 daAuts
     D:3: 870 daAuts
     D:2: 762 daAuts
     D:4: 634 daAuts
